 Dungeon Crawl Stone Soup version 0.26-a0-30-g56b8cd3df0 (webtiles) character file.

Game seed: 7263125403111547416, levelgen mode: deterministic

40 kae the Sneak (level 3, 0/16 HPs)
             Began as a Spriggan Enchanter on May 29, 2020.
             Slain by a leopard gecko (4 damage)
             ... on level 2 of the Dungeon.
             The game lasted 00:02:05 (1774 turns).

kae the Sneak (Spriggan Enchanter)                  Turns: 1774, Time: 00:02:05

Health: 0/16       AC:  2    Str:  5    XL:     3   Next: 30%
Magic:  8/8        EV: 18    Int: 16    God:
Gold:   73         SH:  0    Dex: 16    Spells: 5/8 levels left

rFire    . . .     SeeInvis +   h - +1 short sword (holy)
rCold    . . .     Gourm    .   (shield restricted)
rNeg     . . .     Faith    .   b - +0 robe
rPois    .         Spirit   .   (helmet restricted)
rElec    .         Reflect  .   (no cloak)
rCorr    .         Harm     .   (gloves unavailable)
MR       .....                  (boots unavailable)
Stlth    +++.......             (no amulet)
HPRegen  0.05/turn              (no ring)
MPRegen  0.11/turn              (no ring)

@: very quick
A: very small, unfitting armour, see invisible, herbivore, speed 3, slow
metabolism 2
a: no special abilities


You were on level 2 of the Dungeon.
You were not hungry.

You visited 1 branch of the dungeon, and saw 2 of its levels.

You collected 73 gold pieces.

Inventory:

Hand Weapons
 a - a +1 dagger
 h - a +1 short sword of holy wrath (weapon)
Armour
 b - a +0 robe (worn)
Scrolls
 c - a scroll of teleportation
 f - a scroll of immolation {unknown}
Potions
 e - a potion of heal wounds
Comestibles
 d - 4 rations


   Skills:
 * Level 2.5 Short Blades
 - Level 3.0 Dodging
 + Level 5.0 Stealth
 - Level 3.0 Spellcasting
 + Level 4.1 Hexes


You had 5 spell levels left.
You knew the following spells:

 Your Spells              Type           Power        Failure   Level  Hunger
a - Corona                Hex            ###....      3%          1    #......
b - Ensorcelled Hibernat  Hex/Ice        #.....       12%         2    ##.....

Your spell library contained the following spells:

 Spells                   Type           Power        Failure   Level  Hunger
 Confusing Touch          Hex            ###.....     11%         3    ###....
 Tukima's Dance           Hex            ###.....     11%         3    ###....
 Dazzling Flash           Conj/Hex       #.....       24%         3    ###....


Dungeon Overview and Level Annotations

Branches:
Dungeon (2/15)

Altars:


Innate Abilities, Weirdness & Mutations

You are very small and have problems with some larger weapons.
You are too small for most types of armour.
You have supernaturally acute eyesight. (SInv)
You are a herbivore.
You cover ground extremely quickly.
You need to consume almost no food.


Message History

The leopard gecko closely misses you.
The frilled lizard completely misses you.
You hit the leopard gecko.
The leopard gecko is almost dead.
The leopard gecko barely misses you.
The frilled lizard completely misses you.
You hit the leopard gecko but do no damage.
The leopard gecko is almost dead.
The leopard gecko completely misses you.
The frilled lizard completely misses you.
The leopard gecko completely misses you.
You barely miss the leopard gecko.
The leopard gecko is almost dead.
The frilled lizard completely misses you.
The leopard gecko bites you.
* * * LOW HITPOINT WARNING * * *
You hit the leopard gecko but do no damage.
The leopard gecko is almost dead.
The leopard gecko bites you.
You die...

#.#..........#
#..###.#.#.#
..... #..###..#
##.##.###.#$#..#
#. #..........#
# #.#.#.###..#
#.###.(#...#
...#.#.###..#
#.....l@l..#
#.....?...##
###########


You could see a leopard gecko and a frilled lizard.

Vanquished Creatures
  2 adders (D:2)
  A ball python (D:1)
  2 giant cockroaches (D:1)
  A goblin (D:1)
  2 hobgoblins (D:1)
  7 kobolds
  A quokka (D:2)
  4 bats
  A frilled lizard (D:1)
  2 rats
23 creatures vanquished.

Notes
Turn   | Place    | Note
-------+----------+-------------------------------------------
     0 | D:1      | kae the Spriggan Enchanter began the quest for the Orb.
     0 | D:1      | Reached XP level 1. HP: 9/9 MP: 5/5
   246 | D:1      | Reached XP level 2. HP: 1/13 MP: 3/6
  1234 | D:1      | Learned a level 2 spell: Ensorcelled Hibernation
  1615 | D:2      | Reached XP level 3. HP: 16/16 MP: 8/8
  1653 | D:2      | Reached skill level 5 in Stealth
  1774 | D:2      | Slain by a leopard gecko

Illustrated notes

Levels and vault maps discovered:
D:1:      saegor_arrival_simple_d, layout_loops_ring, serial_bayou_lagoon_b
D:2:      layout_loops_ring, first_ration, minmay_heptomino_h4

Skill      XL: |  1  2  3 |
---------------+----------+-----
Spellcasting   | 3 |  3.0
Short Blades   | 2 |  2.5
Hexes          | 4 |  4.1
Stealth        | 5 |  5.0
Dodging        | |  3.0

Action                   || total
-------------------------++-------
Melee: Dagger            ||    62
       Short sword       ||    49
 Cast: Corona            ||    16
       Ensorcelled Hiber ||     4
  Use: Scroll            ||     4
 Stab: Sleeping          ||     6
Armor: Robe              ||    16
Dodge: Dodged            ||   114

Table legend:
 A = Non-vault XP
 B = Vault XP
 C = Vault XP percentage of total XP
 D = Non-vault monster count
 E = Vault monster count
 F = Vault count percentage of total count
                 A         B        C        D         E       F
            +---------+---------+-------+---------+---------+-------
      Total |      58 |       0 |   0.0 |      23 |       0 |   0.0
            +---------+---------+-------+---------+---------+-------
        D:1 |      25 |       0 |   0.0 |      16 |       0 |   0.0
        D:2 |      33 |       0 |   0.0 |       7 |       0 |   0.0
            +---------+---------+-------+---------+---------+-------
